[ AOE2 MATCH · #507077049 ]
UnrankedMongols vs Persians
Player's team · WIN
Rival team · LOSS
[ REPLAY ANALYSIS · EXTRACTED FROM THE RECORDED GAME ]
Feudal
8:11
Castle
—
Imperial
—
| APM avg | 55.5 |
| APM peak | 110 |
| eAPM avg | 25.3 |
| Villagers / military | 32 / 0 |
Focus
⚔️ 30.7% · 🌾 69.3%
Feudal
8:42
Castle
—
Imperial
—
| APM avg | 34.4 |
| APM peak | 53 |
| eAPM avg | 13.9 |
| Villagers / military | 28 / 4 |
Focus
⚔️ 19.0% · 🌾 81.0%
Scout Cavalry ×4
Match map
Initial resources + every placement click. Lines = walls · curves = elevation contours. ◆ gold · ⬟ stone · ● berries · ✦ relic · ◌ wall gap
Your base· Open — unwalled flank
Waldblume's base· Open — unwalled flank
Smoothed initial terrain · ◌ = detected wall gap · hover for details
Inputs per minute
— Guthrie_Govan - - Waldblume
Build order — Guthrie_Govan
90 actions detected in the replay
| 0:00 | Queue | Villager (Male) |
| 0:01 | Queue | Villager (Male) |
| 0:01 | Queue | Villager (Male) |
| 0:01 | Queue | Villager (Male) |
| 0:01 | Queue | Villager (Male) |
| 0:03 | Build | House |
| 0:05 | Build | House |
| 1:27 | Queue | Villager (Male) |
| 2:03 | Queue | Villager (Male) |
| 2:06 | Queue | Villager (Male) |
| 2:06 | Queue | Villager (Male) |
| 2:47 | Queue | Villager (Male) |
| 2:47 | Queue | Villager (Male) |
| 2:49 | Build | Lumber Camp |
| 3:15 | Queue | Villager (Male) |
| 3:16 | Queue | Villager (Male) |
| 3:59 | Queue | Villager (Male) |
| 4:01 | Queue | Villager (Male) |
| 4:01 | Queue | Villager (Male) |
| 4:14 | Build | House |
| 4:38 | Queue | Villager (Male) |
| 4:53 | Build | Mining Camp |
| 5:00 | Queue | Villager (Male) |
| 6:01 | Research | Feudal Age |
| 6:01 | Research | Feudal Age |
| 6:51 | Research | Loom |
| 6:51 | Research | Loom |
| 7:53 | Queue | Villager (Male) |
| 8:11 | Age | Feudal Age |
| 8:13 | Build | Watch Tower |
| 8:18 | Build | Watch Tower |
| 8:51 | Build | Watch Tower |
| 9:06 | Build | Palisade Wall |
| 9:08 | Build | Palisade Wall |
| 9:20 | Build | Palisade Wall |
| 9:22 | Build | Palisade Wall |
| 9:23 | Build | Palisade Wall |
| 9:27 | Build | Palisade Wall |
| 9:29 | Build | Palisade Wall |
| 9:30 | Build | Palisade Wall |
| 9:35 | Build | Palisade Wall |
| 10:36 | Build | Palisade Wall |
| 10:41 | Build | Palisade Wall |
| 10:57 | Queue | Villager (Male) |
| 10:58 | Queue | Villager (Male) |
| 10:58 | Queue | Villager (Male) |
| 10:58 | Queue | Villager (Male) |
| 11:22 | Build | Palisade Wall |
| 11:23 | Queue | Villager (Male) |
| 11:24 | Queue | Villager (Male) |
| 11:27 | Build | Mill |
| 12:03 | Build | House |
| 12:05 | Build | House |
| 12:07 | Build | Palisade Wall |
| 12:21 | Build | Blacksmith |
| 12:37 | Build | Palisade Wall |
| 12:38 | Build | Palisade Wall |
| 12:41 | Build | Palisade Wall |
| 12:41 | Build | Palisade Wall |
| 12:43 | Build | Palisade Wall |
| 12:44 | Queue | Villager (Male) |
| 12:51 | Build | House |
| 12:53 | Build | Palisade Wall |
| 12:55 | Build | Palisade Wall |
| 12:56 | Build | Palisade Wall |
| 13:21 | Build | Palisade Wall |
| 13:22 | Build | Palisade Wall |
| 13:25 | Build | Palisade Wall |
| 13:27 | Build | Palisade Wall |
| 13:27 | Build | Palisade Wall |
| 13:42 | Research | Fletching |
| 13:54 | Build | Palisade Wall |
| 14:13 | Build | House |
| 14:16 | Build | House |
| 14:18 | Build | Watch Tower |
| 14:21 | Build | House |
| 14:38 | Queue | Villager (Male) |
| 14:39 | Queue | Villager (Male) |
| 15:08 | Build | Farm |
| 15:24 | Build | House |
| 15:26 | Build | House |
| 15:28 | Build | House |
| 15:33 | Queue | Villager (Male) |
| 15:34 | Queue | Villager (Male) |
| 15:44 | Build | Watch Tower |
| 15:47 | Build | Palisade Wall |
| 15:57 | Queue | Villager (Male) |
| 16:15 | Build | Farm |
| 16:43 | Queue | Villager (Male) |
| 16:51 | Build | Palisade Wall |
Build order — Waldblume
53 actions detected in the replay
| 0:01 | Queue | Villager (Male) |
| 0:01 | Queue | Villager (Male) |
| 0:01 | Queue | Villager (Male) |
| 0:02 | Queue | Villager (Male) |
| 0:03 | Build | House |
| 0:04 | Build | House |
| 0:19 | Queue | Villager (Male) |
| 1:25 | Queue | Villager (Male) |
| 1:43 | Build | Lumber Camp |
| 2:01 | Queue | Villager (Male) |
| 2:18 | Queue | Villager (Male) |
| 2:46 | Queue | Villager (Male) |
| 2:47 | Queue | Villager (Male) |
| 3:05 | Queue | Villager (Male) |
| 3:39 | Build | House |
| 4:00 | Queue | Villager (Male) |
| 4:00 | Queue | Villager (Male) |
| 4:00 | Queue | Villager (Male) |
| 4:03 | Build | Mill |
| 4:37 | Queue | Villager (Male) |
| 4:40 | Queue | Villager (Male) |
| 5:30 | Research | Loom |
| 6:39 | Research | Feudal Age |
| 6:39 | Research | Feudal Age |
| 7:01 | Build | Barracks |
| 7:12 | Build | Barracks |
| 7:43 | Build | House |
| 8:31 | Build | Palisade Wall |
| 8:32 | Build | Palisade Wall |
| 8:34 | Queue | Villager (Male) |
| 8:42 | Age | Feudal Age |
| 8:45 | Build | Stable |
| 8:57 | Queue | Villager (Male) |
| 9:44 | Queue | Scout Cavalry |
| 9:49 | Queue | Villager (Male) |
| 10:12 | Queue | Scout Cavalry |
| 11:03 | Queue | Villager (Male) |
| 11:04 | Queue | Scout Cavalry |
| 11:12 | Build | Mill |
| 11:12 | Queue | Villager (Male) |
| 11:34 | Build | Watch Tower |
| 11:44 | Queue | Scout Cavalry |
| 12:26 | Queue | Villager (Male) |
| 12:55 | Build | Lumber Camp |
| 13:02 | Queue | Villager (Male) |
| 13:02 | Queue | Villager (Male) |
| 13:29 | Queue | Villager (Male) |
| 13:30 | Queue | Villager (Male) |
| 13:35 | Build | House |
| 14:01 | Queue | Villager (Male) |
| 14:56 | Queue | Villager (Male) |
| 16:14 | Build | Farm |
| 16:16 | Build | Farm |
Match timeline
| 7:01 | Waldblume · first_building Barracks |
| 8:11 | Guthrie_Govan · age_up feudal |
| 8:31 | Waldblume · wall_segment Palisade Wall x1 |
| 8:32 | Waldblume · wall_segment Palisade Wall x1 |
| 8:42 | Waldblume · age_up feudal |
| 8:45 | Waldblume · first_building Stable |
| 9:06 | Guthrie_Govan · wall_segment Palisade Wall x1 |
| 9:08 | Guthrie_Govan · wall_segment Palisade Wall x1 |
| 9:20 | Guthrie_Govan · wall_segment Palisade Wall x1 |
| 9:22 | Guthrie_Govan · wall_segment Palisade Wall x1 |
| 9:23 | Guthrie_Govan · wall_segment Palisade Wall x1 |
| 9:27 | Guthrie_Govan · wall_segment Palisade Wall x1 |
| 9:29 | Guthrie_Govan · wall_segment Palisade Wall x1 |
| 9:30 | Guthrie_Govan · wall_segment Palisade Wall x1 |
| 9:35 | Guthrie_Govan · wall_segment Palisade Wall x1 |
| 10:36 | Guthrie_Govan · wall_segment Palisade Wall x1 |
| 10:41 | Guthrie_Govan · wall_segment Palisade Wall x1 |
| 11:22 | Guthrie_Govan · wall_segment Palisade Wall x1 |
| 12:07 | Guthrie_Govan · wall_segment Palisade Wall x1 |
| 12:37 | Guthrie_Govan · wall_segment Palisade Wall x1 |
| 12:38 | Guthrie_Govan · wall_segment Palisade Wall x1 |
| 12:41 | Guthrie_Govan · wall_segment Palisade Wall x1 |
| 12:41 | Guthrie_Govan · wall_segment Palisade Wall x1 |
| 12:43 | Guthrie_Govan · wall_segment Palisade Wall x1 |
| 12:53 | Guthrie_Govan · wall_segment Palisade Wall x1 |
| 12:55 | Guthrie_Govan · wall_segment Palisade Wall x1 |
| 12:56 | Guthrie_Govan · wall_segment Palisade Wall x1 |
| 13:21 | Guthrie_Govan · wall_segment Palisade Wall x1 |
| 13:22 | Guthrie_Govan · wall_segment Palisade Wall x1 |
| 13:25 | Guthrie_Govan · wall_segment Palisade Wall x1 |
| 13:27 | Guthrie_Govan · wall_segment Palisade Wall x1 |
| 13:27 | Guthrie_Govan · wall_segment Palisade Wall x1 |
| 13:54 | Guthrie_Govan · wall_segment Palisade Wall x1 |
| 15:47 | Guthrie_Govan · wall_segment Palisade Wall x1 |
| 16:51 | Guthrie_Govan · wall_segment Palisade Wall x1 |
| 16:51 | Waldblume · resign |
[ AI ANALYSIS · 1 CREDIT ]
What really happened in this match?
Wolo.gg analyzes every decision: build order, eco, micro, common mistakes by bracket. Personalized analysis on WhatsApp or Discord in 30 seconds.
Civ guide
Mongols
Perfil
Jugador #4224302